 Dungeon Crawl Stone Soup version 0.16-a0-2979-g562a0a4 (console) character file.

131 nht the Insei (level 5, -2/37 HPs)
             Began as a Merfolk Transmuter on Dec 5, 2014.
             Slain by braks' ghost (10 damage)
             ... in an ossuary.
             The game lasted 00:04:20 (2828 turns).

nht the Insei (Merfolk Transmuter)                  Turns: 2828, Time: 00:04:20

Health: -2/37      AC:  3    Str: 11    XL:     5   Next: 14%
Magic:  0/9        EV: 12    Int: 13    God:
Gold:   136        SH:  0    Dex: 12    Spells: 2 memorised, 4 levels left

rFire  . . .     SeeInvis .       - Unarmed
rCold  . . .     Clarity  .     c - +1 robe
rNeg   . . .     SustAb   .     (no shield)
rPois  +         Gourm    .     (no helmet)
rElec  .         Spirit   +     (no cloak)
rCorr  .         Warding  .     (no gloves)
rMut   .         Stasis   .     (no boots)
MR     .....                    m - amulet of guardian spirit
Stlth  +.........               (no ring)
                                (no ring)

@: very slightly contaminated, not resistant to hostile enchantments, very
unstealthy
A: change form in water, swift swim, clumsy 1, high mp 1, poison resistance
a: no special abilities


You were in an ossuary.
You were near starving.

You visited 1 branch of the dungeon, and saw 4 of its levels.
You also visited: Ossuary.

You collected 136 gold pieces.

Inventory:

Missiles
 b - 12 arrows
Armour
 c - a +1 robe (worn)
Jewellery
 e - an uncursed amulet of rage
 m - an amulet of guardian spirit (around neck)
Magical devices
 q - a wand of paralysis (0)
 r - a wand of disintegration (8)
Books
 d - a book of Changes

   Spells                             Type                      Level
   a - Beastly Appendage              Transmutation                1
   b - Sticks to Snakes               Transmutation                2
   c - Spider Form                    Transmutation/Poison         3
   d - Ice Form                       Ice/Transmutation            4
   e - Blade Hands                    Transmutation                5
Comestibles
 a - 5 bread rations
 f - a royal jelly
 g - a beef jerky
 o - a meat ration


   Skills:
 - Level 1.1 Fighting
 - Level 2.6 Dodging
 * Level 5.3 Unarmed Combat
 - Level 2.0 Spellcasting
 + Level 4.6 Transmutations


You had 4 spell levels left.
You knew the following spells:

 Your Spells              Type           Power        Failure   Level  Hunger
a - Spider Form           Trmt/Pois      #.........   34%         3    ####...
b - Beastly Appendage     Trmt           ##....       4%          1    ##.....


Dungeon Overview and Level Annotations

Branches:
Dungeon (4/15)
 Temple: D:4-7

Altars:

Annotations:
D:1 exclusion: gnoll Ossuary braks' ghost, experienced DsHu


Innate Abilities, Weirdness & Mutations

You revert to your normal form in water.
You are very nimble and swift while swimming.
You are clumsy. (Dex -2)
You have an increased reservoir of magic (+10% MP).
Your system is resistant to poisons.


Message History

Casting: Spider Form
Confirm with . or Enter, or press ? or * to list all spells.
You don't have enough magic to cast that spell.
You barely miss braks' ghost.
Braks' ghost is severely damaged.
Braks' ghost hits you.
* * * LOW HITPOINT WARNING * * *
You aren't carrying any potions.
You barely miss braks' ghost.
Braks' ghost is severely damaged.
You hit braks' ghost but do no damage.
Braks' ghost is severely damaged.
Braks' ghost barely misses you.
You barely miss braks' ghost.
Braks' ghost is severely damaged.
Braks' ghost completely misses you.
You barely miss braks' ghost.
Braks' ghost is severely damaged.
Braks' ghost hits you!
You die... ███ █████

█!?!!█.W.█
+?)$?█.@.+
█???!█...█
███


█████ You could see braks' ghost.

Vanquished Creatures
  A worker ant (D:4)
  2 adders (D:1)
  3 worms
  5 giant geckos
  2 oozes
  An orc (D:4)
  9 bats
  4 giant cockroaches
  10 goblins
  6 hobgoblins
  9 kobolds
  3 quokkas
  3 giant newts
  4 jackals (D:3)
  7 rats
69 creatures vanquished.

Notes
Turn   | Place    | Note
--------------------------------------------------------------
     0 | D:1      | nht, the Merfolk Transmuter, began the quest for the Orb.
     0 | D:1      | Reached XP level 1. HP: 15/15 MP: 3/3
    99 | D:1      | Reached XP level 2. HP: 15/21 MP: 2/4
   763 | D:1      | Reached skill level 4 in Unarmed Combat
   785 | D:1      | Reached XP level 3. HP: 22/26 MP: 4/6
  1608 | D:2      | Learned a level 3 spell: Spider Form
  1773 | D:2      | Gained mutation: You are clumsy. (Dex -2) [potion of mutation]
  1773 | D:2      | Gained mutation: Your system is resistant to poisons. [potion of mutation]
  1773 | D:2      | Gained mutation: You have an increased reservoir of magic (+10% MP). [potion of mutation]
  1778 | D:2      | Reached XP level 4. HP: 29/32 MP: 5/7
  2148 | D:3      | Reached skill level 5 in Unarmed Combat
  2756 | D:4      | Reached XP level 5. HP: 37/37 MP: 5/9
  2792 | D:4      | Found a sand-covered staircase.
  2801 | Ossuary  | Entered an ossuary
  2801 | Ossuary  | Noticed braks' ghost (experienced DsHu)
  2828 | Ossuary  | Slain by braks' ghost

Action                   |  1- 3 |  4- 6 || total
-------------------------+-------+-------++-------
Melee: Unarmed           |   111 |   109 ||   220
 Cast: Beastly Appendage |    25 |       ||    25
       Spider Form       |       |    12 ||    12
Evoke: Wand              |       |     3 ||     3
  Use: Potion            |     3 |     1 ||     4
       Scroll            |       |     6 ||     6
 Stab: Sleeping          |       |     1 ||     1
       Paralysed         |       |    14 ||    14
  Eat: Chunk             |     3 |     5 ||     8
